Map: Nightscape LE

Players

Massa - Winner!

  • Race: Terran Terran
  • League: Platinum
  • Spawn Location: 7:00

qqq - Winner!

  • Race: Zerg Zerg
  • Spawn Location: 7:00

ArtemBublik

  • Race: Protoss Protoss
  • League: Platinum
  • Spawn Location: 1:00

PlyPanda

  • Race: Terran Terran
  • League: Platinum
  • Spawn Location: 1:00

VOD

Have the link to the VOD?

Description

Time

  • Played on: Nov. 1, 2020, 4:40 p.m.
  • Length: 16:51
Show
View Real Time Build Order
Export as new Build Order

Massa Terran - Winner!

Build Orders: Gas First Reaper Expand 

Get SALT Encoding   

  12  0:04  SCV  
  13  0:16  SCV  
  14  0:26  Supply Depot  
  14  0:28  SCV  
  14  0:31  Refinery  
  15  0:48  SCV  
  16  0:50  Barracks  
  16  1:00  SCV  
  17  1:25  SCV  
  18  1:37  SCV  
  19  1:46  Reaper  
  20  1:50  Orbital Command  
  20  1:51  Command Center  
  20  2:12  Factory  
  20  2:17  Supply Depot  
  20  2:18  SCV, Marine  
  22  2:42  Supply Depot  
  22  2:47  SCV  
  22  2:49  Barracks Reactor  
  23  2:59  SCV, Factory Reactor  
  23  3:05  Orbital Command  
  24  3:11  SCV  
  24  3:12  Barracks  
  25  3:20  Starport  
  25  3:33  SCV x2  
  27  3:36  Marine x2  
  27  3:38  Hellion x2  
  33  3:45  SCV x2  
  35  3:54  Marine x2  
  37  3:58  Engineering Bay  
  37  3:59  Widow Mine  
  37  4:00  Widow Mine  
  41  4:02  Refinery  
  41  4:34  Barracks Tech Lab, Marine  
  41  4:35  Marine  
  43  4:45  Medivac  
  45  4:46  Barracks  
  45  4:50  Factory Tech Lab  
  45  4:52  Marine  
  44  4:53  Marine  
  46  5:03  Stimpack  
  46  5:14  SCV x2  
  48  5:16  Refinery  
  48  5:18  Refinery  
  48  5:26  SCV x2  
  48  5:38  SCV  
  49  5:49  Siege Tank  
  52  5:56  Marine x2  
  54  6:05  Terran Infantry Weapons Level 1  
  54  6:06  Supply Depot x2  
  54  6:07  Supply Depot  
  54  6:09  Command Center  
  54  6:27  Liberator, Marine x4, SCV x2  
  54  6:28  Marauder  
  54  6:30  Supply Depot  
  54  6:32  Supply Depot  
  65  6:33  Supply Depot  
  65  6:39  SCV  
  66  6:45  Marine x2  
  66  6:49  Marauder  
  65  7:10  Marauder  
  60  7:32  Marauder, Marine x3  
  60  7:33  Marine  
  66  7:40  Medivac  
  68  7:49  Combat Shield  
  68  7:50  Marine x3, Siege Tank  
  74  7:53  Marauder  
  76  8:10  Medivac  
  78  8:14  SCV x2  
  78  8:15  Marauder  
  82  8:20  Orbital Command  
  82  8:22  Siege Tank  
  82  8:26  SCV x2  
  87  8:30  Missile Turret  
  87  8:31  Missile Turret  
  87  8:36  Marauder  
  87  8:37  Terran Infantry Armor Level 1, Missile Turret x2  
  87  8:38  SCV x2  
  87  8:40  Armory, Missile Turret  
  91  8:43  Command Center  
  91  8:46  Barracks  
  91  8:49  Barracks  
  91  8:50  SCV  
  91  8:52  Missile Turret  
  92  9:07  Concussive Shells  
  89  9:34  SCV x3  
  92  9:43  Barracks Reactor, Barracks Tech Lab  
  92  9:46  SCV x3  
  95  9:58  SCV x2  
  95  9:59  SCV  
  98  10:05  Siege Tank  
  101  10:10  SCV x2  
  101  10:11  SCV  
  101  10:12  Missile Turret  
  101  10:13  Marauder x2, Marine x4  
  101  10:14  Missile Turret x3  
  112  10:15  Starport Tech Lab  
  112  10:22  SCV x2  
  114  10:31  Marine  
  114  10:34  Marauder x2  
  119  10:37  Widow Mine  
  121  10:49  Refinery  
  121  10:50  Refinery  
  121  10:55  Marauder x2, Raven  
  127  10:59  Widow Mine  
  129  11:09  SCV x3  
  132  11:13  Planetary Fortress  
  132  11:16  Missile Turret  
  132  11:37  Missile Turret  
  132  11:46  Terran Infantry Weapons Level 2  
  132  11:47  Supply Depot  
  132  11:48  Supply Depot x2  
  132  11:49  Supply Depot x3  
  132  11:50  Engineering Bay  
  132  11:51  Supply Depot  
  132  11:54  Armory, Supply Depot  
  132  11:57  Refinery  
  132  11:58  Refinery, Missile Turret  
  132  12:08  SCV x4, Raven  
  132  12:09  Widow Mine, Command Center  
  140  12:20  SCV x4  
  140  12:21  Missile Turret  
  144  12:33  SCV x3  
  144  12:35  Marauder  
  144  12:36  Marauder, Marine  
  152  12:37  Marine x5  
  157  12:54  Marine  
  157  12:55  Marine x5  
  157  12:57  Marauder x2  
  167  13:06  Terran Infantry Armor Level 2  
  167  13:08  Terran Vehicle And Ship Armor Level 1, Terran Vehicle Weapons Level 1  
  167  13:12  Marine  
  168  13:13  Factory, Marine x5  
  168  13:17  Factory  
  168  13:18  Marauder x2  
  177  13:30  Marine x5  
  182  13:35  Barracks  
  182  13:36  Barracks x2  
  182  13:38  Barracks  
  182  13:40  Marauder x2  
  186  13:43  Siege Tank  
  189  14:01  Marauder x2, Factory  
  193  14:03  Terran Infantry Weapons Level 3  
  193  14:15  Siege Tank  
  126  16:05  Marauder  
  126  16:06  Barracks Reactor, Barracks Tech Lab x2, Marauder  
  126  16:07  Barracks Reactor  
  126  16:09  Factory Tech Lab x2  
  126  16:11  Marine x6  
  131  16:12  Siege Tank  
  139  16:27  Marauder x2  
  139  16:28  Marine  
  139  16:29  Marine x5  
Show
View Real Time Build Order
Export as new Build Order

qqq Zerg - Winner!

Build Orders: Hatch First, Brood Lord Corruptor 

Get SALT Encoding   

  12  0:02  Drone  
  13  0:12  Drone  
  14  0:39  Hatchery  
  13  0:43  Drone  
  13  0:47  Overlord  
  14  0:55  Extractor  
  13  1:00  Drone  
  14  1:18  Spawning Pool  
  13  1:29  Drone x3  
  16  1:42  Drone  
  17  1:55  Drone  
  17  1:56  Drone  
  19  2:02  Drone  
  19  2:07  Queen  
  22  2:10  Drone  
  23  2:18  Extractor  
  22  2:26  Drone x2  
  22  2:28  Drone  
  22  2:29  Zergling x2  
  26  2:31  Queen  
  28  2:38  Overlord  
  28  2:49  Overlord  
  28  2:54  Metabolic Boost  
  28  2:58  Lair  
  28  3:02  Zergling x2  
  28  3:03  Zergling x2  
  28  3:05  Zergling x2  
  31  3:07  Zergling x2  
  31  3:11  Zergling x2  
  33  3:13  Zergling x2  
  34  3:29  Zergling x2  
  34  3:30  Zergling x6  
  38  3:40  Zergling x6  
  41  3:41  Zergling x2  
  41  3:42  Zergling x4  
  41  3:46  Overlord  
  44  3:52  Extractor, Overlord  
  43  3:58  Drone  
  44  4:08  Drone, Spire  
  44  4:10  Drone  
  45  4:17  Drone  
  45  4:20  Drone  
  47  4:38  Zergling x6  
  49  4:39  Drone x2  
  49  4:58  Drone x2, Zergling x2  
  49  4:59  Drone x2  
  55  5:00  Drone x2  
  56  5:22  Mutalisk x2  
  56  5:25  Hatchery  
  51  6:02  Zerg Flyer Weapons Level 1  
  51  6:03  Drone x3, Mutalisk x2  
  56  6:09  Extractor x2, Overlord x3  
  46  6:34  Hatchery  
  46  6:35  Mutalisk  
  46  6:36  Mutalisk  
  46  6:37  Drone x2  
  46  6:38  Drone x2  
  53  6:43  Mutalisk  
  55  6:49  Hatchery  
  55  6:50  Drone x4  
  58  7:03  Mutalisk  
  58  7:05  Overlord  
  58  7:06  Drone x2  
  62  7:15  Drone x2  
  64  7:17  Spine Crawler  
  64  7:20  Spine Crawler  
  62  7:32  Mutalisk x3  
  62  7:34  Drone x6  
  74  7:57  Mutalisk, Zerg Flyer Armor Level 1  
  74  7:58  Mutalisk  
  78  7:59  Overlord x4  
  78  8:00  Drone x2  
  78  8:01  Drone x3  
  78  8:02  Drone  
  78  8:04  Extractor  
  83  8:19  Infestation Pit  
  82  8:23  Extractor  
  81  8:27  Mutalisk  
  81  8:28  Mutalisk  
  81  8:29  Drone  
  81  8:30  Drone x5  
  81  8:31  Overlord  
  81  8:32  Overlord  
  83  9:01  Mutalisk x3  
  83  9:02  Mutalisk  
  85  9:03  Drone x2  
  87  9:15  Zergling x2  
  87  9:16  Zergling x10  
  94  9:17  Drone x6  
  99  9:27  Mutalisk x4  
  93  9:46  Hive  
  93  9:48  Drone x2  
  93  9:49  Drone x2  
  93  9:51  Extractor  
  93  9:52  Extractor  
  95  9:57  Drone x5  
  100  10:08  Drone  
  100  10:12  Overseer  
  100  10:13  Pneumatized Carapace  
  101  10:16  Zergling x8  
  101  10:17  Zergling x8  
  101  10:18  Drone x3  
  101  10:19  Drone  
  113  10:25  Evolution Chamber  
  113  10:28  Evolution Chamber  
  111  10:30  Drone  
  111  10:34  Hatchery  
  111  10:35  Hatchery  
  110  10:43  Corruptor  
  110  10:46  Drone x5  
  110  10:47  Drone x3  
  117  11:08  Drone x4  
  117  11:09  Drone x2, Corruptor x2  
  127  11:13  Greater Spire  
  127  11:17  Zerg Melee Weapons Level 1, Zerg Ground Armor Level 1  
  127  11:18  Drone  
  127  11:19  Drone  
  127  11:20  Ultralisk Cavern  
  117  11:45  Zergling x14  
  117  11:46  Zergling x8, Corruptor x6  
  138  11:48  Drone x4  
  144  12:02  Corruptor  
  144  12:03  Corruptor x5  
  144  12:05  Drone  
  157  12:13  Drone x5  
  162  12:15  Extractor  
  162  12:16  Extractor, Overlord x2  
  162  12:17  Overlord x5  
  162  12:22  Anabolic Synthesis  
  160  12:31  Brood Lord  
  160  12:32  Extractor  
  160  12:34  Overlord x3  
  160  12:35  Overlord x5  
  163  12:44  Brood Lord x5  
  163  12:45  Brood Lord  
  173  12:58  Extractor  
  173  13:02  Brood Lord x3  
  173  13:05  Chitinous Plating  
  164  13:11  Brood Lord  
  165  13:14  Drone  
  165  13:15  Drone x8  
  165  13:18  Spine Crawler  
  173  13:26  Brood Lord x3  
  179  13:34  Ultralisk  
  179  13:35  Zergling x14  
  179  13:36  Zergling x14  
  179  13:38  Zergling x2  
  200  14:00  Extractor  
  199  14:06  Extractor  
  199  14:08  Zerg Flyer Weapons Level 2  
  198  14:10  Zerg Ground Armor Level 2  
  198  14:11  Zerg Melee Weapons Level 2  
  176  14:40  Ultralisk x4  
  176  14:42  Zergling x6  
  176  14:43  Zergling x8  
  176  14:44  Zergling x4  
  170  15:01  Ultralisk x4  
  170  15:02  Zergling x8  
  170  15:03  Zergling x4  
  200  15:10  Adrenal Glands  
  200  15:18  Evolution Chamber  
  200  15:19  Hydralisk Den  
  200  15:21  Nydus Network  
  195  15:31  Corruptor x2  
  188  16:02  Ultralisk x2  
Show
View Real Time Build Order
Export as new Build Order

ArtemBublik Protoss 

Build Orders: 1 Gate Expand 

Get SALT Encoding   

  12  0:01  Probe (Chrono Boost)  
  13  0:12  Probe (Chrono Boost)  
  14  0:19  Pylon  
  14  0:22  Probe  
  15  0:37  Probe  
  15  0:39  Gateway  
  16  0:49  Probe  
  17  1:10  Pylon  
  17  1:29  Nexus  
  17  1:32  Cybernetics Core  
  17  1:45  Zealot  
  19  1:57  Assimilator  
  19  2:01  Assimilator  
  19  2:04  Gateway  
  19  2:12  Gateway  
  19  2:24  Probe  
  20  2:36  Probe, Warp Gate (Chrono Boost)  
  21  2:42  Probe  
  21  2:48  Probe  
  22  2:53  Pylon  
  22  2:54  Probe  
  23  3:00  Probe  
  24  3:07  Probe  
  25  3:13  Probe, Adept (Chrono Boost)  
  25  3:19  Probe  
  29  3:25  Probe, Adept (Chrono Boost)  
  32  3:31  Probe  
  33  3:43  Probe  
  33  3:45  Pylon  
  33  3:48  Probe  
  36  3:55  Probe  
  36  3:56  Forge  
  36  4:00  Probe  
  37  4:03  Robotics Facility  
  37  4:06  Pylon  
  37  4:09  Probe  
  38  4:21  Probe  
  38  4:45  Stalker x3  
  41  4:52  Protoss Ground Weapons Level 1  
  43  5:02  Immortal (Chrono Boost)  
  47  5:10  Robotics Bay  
  47  5:13  Pylon  
  47  5:15  Forge  
  47  5:27  Twilight Council  
  47  5:37  Protoss Ground Armor Level 1  
  45  6:10  Extended Thermal Lance  
  45  6:12  Pylon  
  45  6:13  Pylon  
  45  6:24  Nexus  
  45  6:30  Pylon  
  45  6:43  Stalker x2  
  46  7:17  Assimilator  
  46  7:18  Assimilator  
  46  7:19  Colossus (Chrono Boost)  
  52  7:36  Blink (Chrono Boost)  
  51  7:44  Stalker x3  
  56  8:13  Protoss Ground Armor Level 2  
  56  8:23  Probe (Chrono Boost)  
  58  8:31  Probe (Chrono Boost)  
  58  8:33  Probe (Chrono Boost)  
  59  8:38  Probe x2 (Chrono Boost)  
  61  8:42  Gateway  
  61  8:43  Gateway  
  61  8:45  Gateway  
  61  8:46  Gateway  
  61  8:47  Pylon  
  61  8:49  Probe x2  
  63  9:01  Probe x2  
  65  9:13  Probe  
  66  9:34  Nexus  
  66  9:37  Pylon  
  66  9:39  Pylon  
  66  9:40  Stalker x3  
  66  9:41  Stalker  
  66  9:43  Pylon  
  74  9:49  Disruptor (Chrono Boost)  
  74  9:52  Charge  
  77  10:00  Zealot x3  
  83  10:12  Protoss Ground Weapons Level 2 (Chrono Boost)  
  83  10:29  Zealot x3  
  83  10:30  Zealot x4  
  83  10:33  Assimilator  
  83  10:34  Assimilator  
  97  11:02  Pylon  
  93  11:14  Probe (Chrono Boost)  
  93  11:17  Stalker x3  
  93  11:18  Probe (Chrono Boost), Stalker x4  
  107  11:24  Probe (Chrono Boost)  
  111  11:27  Probe (Chrono Boost)  
  111  11:29  Probe (Chrono Boost)  
  111  11:31  Gateway  
  112  11:32  Gateway  
  112  11:34  Gateway  
  112  11:40  Probe  
  113  11:48  Probe  
  113  11:52  Protoss Ground Armor Level 3 (Chrono Boost)  
  113  11:53  Probe  
  115  12:01  Probe  
  116  12:13  Probe, Pylon  
  117  12:21  Pylon  
  117  12:25  Probe  
  117  12:27  Zealot x3  
  117  12:28  Zealot x5  
  134  12:37  Probe  
  133  12:49  Pylon  
  115  13:13  Zealot x2  
  115  13:14  Zealot x4  
  115  13:15  Zealot x4  
  115  13:19  Templar Archives  
  133  13:27  Dark Shrine  
  133  13:30  Pylon  
  133  13:32  Pylon  
  133  13:34  Pylon, Sentry x3  
  133  13:35  Sentry  
  133  13:38  Protoss Shields Level 1  
  133  13:39  Observer (Chrono Boost), Pylon  
  142  13:49  Probe  
  142  13:55  Observer (Chrono Boost)  
  144  13:58  Photon Cannon  
  144  14:00  Photon Cannon, Shield Battery  
  144  14:02  Probe, Shield Battery  
  145  14:03  Photon Cannon  
  145  14:06  Shield Battery  
  145  14:12  Observer  
  145  14:14  Probe  
  147  14:21  Stalker x7  
  147  14:22  Stalker  
  163  14:26  Probe  
  164  14:34  Observer  
  164  14:38  Probe  
  160  14:54  Disruptor  
  77  15:09  Zealot  
  77  15:10  Zealot x7  
  77  15:11  Zealot x2  
  68  15:31  Psionic Storm  
  68  15:34  Stalker  
  68  15:35  Stalker x5  
  77  15:36  Stalker x4  
  53  16:03  High Templar  
  53  16:04  High Templar x6  
  51  16:05  High Templar x3  
  65  16:13  Archon  
  65  16:14  Archon x2  
Show
View Real Time Build Order
Export as new Build Order

PlyPanda Terran 

Build Orders: Reaper Expand 

Get SALT Encoding   

  12  0:00  SCV  
  13  0:16  SCV, Supply Depot  
  14  0:29  SCV  
  15  0:40  Barracks  
  15  0:42  Refinery  
  15  0:44  SCV  
  16  0:56  SCV  
  17  1:08  SCV  
  18  1:20  SCV  
  19  1:26  Reaper  
  21  1:32  SCV  
  21  1:50  Orbital Command  
  20  2:17  Command Center  
  20  2:22  Barracks Reactor  
  20  2:25  SCV  
  21  2:31  Refinery  
  21  2:37  SCV  
  22  2:49  SCV, Command Center  
  23  3:10  Factory  
  23  3:26  SCV  
  23  3:31  Orbital Command  
  23  3:33  Refinery  
  23  3:38  Factory  
  23  3:40  SCV  
  24  3:46  Factory  
  24  3:59  Refinery  
  24  4:01  Factory  
  24  4:03  Refinery, SCV  
  24  4:04  Orbital Command  
  25  4:12  Hellion x2  
  25  4:15  SCV  
  29  4:25  Factory Tech Lab  
  29  4:27  SCV  
  29  4:30  Factory Tech Lab  
  30  4:32  Orbital Command  
  28  4:46  Factory Tech Lab  
  28  4:48  Hellion x2  
  28  4:51  Infernal Pre-Igniter  
  26  5:00  Orbital Command  
  26  5:02  Hellion x2  
  30  5:09  Hellion, Supply Depot  
  30  5:11  Supply Depot  
  31  5:26  Hellion x3  
  29  5:57  Hellion  
  29  5:58  Hellion x3  
  29  5:59  Hellion  
  39  6:06  Armory  
  39  6:20  Orbital Command  
  39  6:31  Cyclone x2  
  39  6:32  Cyclone  
  48  6:33  Widow Mine  
  48  6:34  Widow Mine  
  52  6:47  SCV  
  51  6:54  Orbital Command  
  51  6:55  Widow Mine x2  
  51  6:58  Engineering Bay  
  51  6:59  SCV  
  56  7:11  SCV  
  54  7:23  SCV  
  39  7:35  SCV  
  39  7:36  SCV  
  41  7:43  Thor  
  47  7:46  Widow Mine  
  47  7:48  SCV  
  50  8:00  SCV  
  50  8:01  Widow Mine, Drilling Claws  
  50  8:03  Widow Mine  
  50  8:04  Thor  
  61  8:09  Refinery  
  61  8:12  SCV x2  
  63  8:13  Refinery  
  63  8:24  SCV  
  63  8:25  SCV  
  65  8:36  SCV  
  65  8:37  SCV  
  65  8:38  Widow Mine  
  65  8:40  Smart Servos  
  69  8:45  Supply Depot  
  69  8:46  Widow Mine, Supply Depot  
  69  8:50  SCV  
  69  8:56  Widow Mine  
  69  9:00  Widow Mine  
  69  9:02  SCV  
  68  9:05  Refinery  
  68  9:08  Refinery  
  66  9:14  SCV  
  63  9:18  Widow Mine, SCV  
  63  9:21  Widow Mine  
  63  9:26  SCV  
  63  9:30  SCV  
  64  9:38  SCV  
  64  9:39  Widow Mine  
  64  9:42  Widow Mine  
  68  9:50  SCV  
  69  9:54  SCV  
  70  10:02  SCV  
  70  10:06  SCV  
  72  10:11  Widow Mine x2  
  76  10:14  SCV  
  76  10:18  SCV  
  78  10:26  SCV  
  79  10:30  SCV  
  79  10:32  Widow Mine x2  
  84  10:39  SCV  
  85  10:47  Refinery  
  85  10:49  Refinery, Supply Depot  
  85  10:51  Supply Depot  
  85  10:59  Supply Depot  
  85  11:10  SCV x2  
  87  11:11  Supply Depot  
  87  11:14  Thor x2, Supply Depot  
  87  11:16  Widow Mine  
  101  11:21  Widow Mine  
  101  11:22  SCV, Supply Depot  
  101  11:23  Armory  
  105  11:32  Orbital Command  
  97  11:34  SCV, Supply Depot  
  97  11:37  Supply Depot  
  92  11:45  Supply Depot  
  92  11:46  SCV  
  91  11:48  Refinery  
  91  11:52  Refinery  
  91  11:59  SCV  
  92  12:12  Widow Mine x2  
  92  12:15  Terran Vehicle And Ship Armor Level 1  
  96  12:18  Terran Vehicle Weapons Level 1  
  96  12:30  SCV  
  96  12:34  Widow Mine  
  99  12:42  SCV  
  100  12:59  Factory  
  100  13:01  Factory Reactor  
  100  13:04  Thor x2  
  112  13:09  SCV  
  113  13:13  SCV  
  114  13:21  SCV  
  114  13:25  SCV  
  116  13:32  Engineering Bay  
  116  13:34  Widow Mine x2  
  120  13:43  SCV  
  120  13:48  Command Center  
  121  13:50  Missile Turret  
  121  13:52  Missile Turret  
  121  13:55  Widow Mine x2, SCV  
  126  14:07  SCV  
  127  14:12  Missile Turret  
  127  14:13  Missile Turret  
  127  14:16  Widow Mine  
  127  14:17  Widow Mine  
  131  14:29  Missile Turret  
  113  14:33  Missile Turret  
  113  14:34  Missile Turret  
  76  14:48  Widow Mine x4  
  76  14:49  Widow Mine x2  
  82  14:54  Missile Turret  
  82  14:55  Missile Turret  
  80  15:04  Factory Reactor  
  74  15:09  Widow Mine  
  74  15:10  Widow Mine x3  
  73  15:21  Widow Mine  
  73  15:22  Widow Mine  
  71  15:31  Widow Mine x4  
  35  15:42  Widow Mine  
  35  15:43  Widow Mine  
  31  15:52  Widow Mine  
Tags
 
Add a new tag
Caveats
  • Supply blocks, unpowered buildings, or Contaminate may cause inaccurate times.
  • Supply counts are checked every 10 seconds.